AoeStats
← whisperedzen

Arabia

509688479Analyzed
1v1 RM · 5d ago on Sep 27, 2026· 38m 7s· 2 players
Game mode
Random Map
Map size
Tiny (2 player)
Population
200
Speed
Normal
Resources
Standard
Victory
Conquest
Starting age
Dark Age
Ending age
Imperial Age
RankedLock teamsTeams togetherTeam positionsShared explorationLock speedFull tech treeHidden civsTurbo modeCheats
Victory
Defeat
🇺🇾 Hindustanis · Uruguay
1293
+15
🇲🇽 Mongols · Mexico
1263
-15
JAGR I Makako
8:14 Feudal Age
8:39 Loom
8:41 Double-Bit Axe
10:34 Horse Collar
15:17 Wheelbarrow
20:09 Castle Age
18:48 Fletching
18:50 Gold Mining
19:15 Padded Archer Armor
20:21 Crossbowman
21:07 Thumb Ring
21:32 Bow Saw
21:54 Heavy Plow
23:42 Bodkin Arrow
25:00 Hand Cart
27:00 Scale Barding Armor
27:13 Leather Archer Armor
31:19 Chain Barding Armor
whisperedzen
7:02 Loom
9:19 Feudal Age
9:54 Double-Bit Axe
14:58 Horse Collar
20:18 Castle Age
18:59 Bloodlines
19:53 Scale Barding Armor
21:36 Bow Saw
21:29 Heavy Plow
26:58 Wheelbarrow
27:52 Husbandry
31:21 Forging
32:36 Hand Cart
36:29 Light Cavalry
37:50 Stone Mining
37:51 Gold Mining
Connection lost

Rejoining the realm…

Still unreachable

The connection could not be restored.

Session expired

The server has moved on; the page needs a fresh start.